AoeStats
← riccardo.zuanni

Hideout

508436357Analyzed
1v1 RM · 9d ago on Sep 22, 2026· 41m 26s· 2 players
Game mode
Random Map
Map size
Tiny (2 player)
Population
200
Speed
Normal
Resources
Standard
Victory
Conquest
Starting age
Dark Age
Ending age
Imperial Age
RankedLock teamsTeams togetherTeam positionsShared explorationLock speedFull tech treeHidden civsTurbo modeCheats
Victory
Defeat
🇮🇹 Khmer · Italy
833
+15
🇦🇷 Koreans · Argentina
807
-15
Vexyann
2:07 Loom
11:05 Feudal Age
15:53 Castle Age
16:19 Wheelbarrow
16:06 Scale Mail Armor
18:40 Man-at-Arms
19:00 Man-at-Arms
19:29 Gambesons
21:22 Gambesons
25:18 Double-Bit Axe
25:25 Gold Mining
31:03 Hand Cart
34:31 Imperial Age
35:31 Gold Shaft Mining
38:22 Scale Barding Armor
37:54 Cavalier
riccardo.zuanni
2:37 Loom
10:43 Feudal Age
17:31 Castle Age
15:53 Stone Mining
16:07 Double-Bit Axe
16:08 Horse Collar
16:58 Gold Mining
31:37 Imperial Age
33:17 Conscription
32:26 Light Cavalry
33:08 Elite Skirmisher
37:43 Town Watch
40:12 Pikeman
41:21 Man-at-Arms
Connection lost

Rejoining the realm…

Still unreachable

The connection could not be restored.

Session expired

The server has moved on; the page needs a fresh start.